 Dungeon Crawl Stone Soup version 0.30-a0-800-g7c544603b3 (webtiles) character file.

Game seed: 4507818328864845036

129 dialectric the Trooper (level 5, 0/33 HPs)
             Began as a Gargoyle Fighter on Feb 22, 2023.
             Slain by a phantom (5 damage)
             ... on level 4 of the Dungeon.
             The game lasted 00:02:31 (2737 turns).

dialectric the Trooper (Gargoyle Fighter)           Turns: 2737, Time: 00:02:32

Health: 0/33       AC: 13    Str: 19    XL:     5   Next: 12%
Magic:  5/5        EV:  9    Int:  9    God:
Gold:   196        SH:  0    Dex: 11    Spells: 4/4 levels left

rFire   . . .      SeeInvis .    g - +2 flail (heavy)
rCold   . . .      Faith    .    (no shield)
rNeg    + . .      Spirit   .    b - +0 scale mail
rPois   ∞          Reflect  .    h - +0 helmet
rElec   +          Harm     .    (no cloak)
rCorr   .          Rampage  .    (no gloves)
Will    .....                    j - +0 pair of boots Stlth
                                 (no amulet)
HPRegen 0.25/turn                (no ring)
MPRegen 0.09/turn                (no ring)

@: no status effects
A: sickness immunity, AC +4, negative energy resistance 1, electricity
resistance, torment resistance 1, petrification resistance
a: no special abilities


You were on level 4 of the Dungeon.
You visited 1 branch of the dungeon, and saw 4 of its levels.

You collected 196 gold pieces.

Inventory:

Hand Weapons
 a - a +0 flail
 g - a +2 heavy flail (weapon)
Armour
 b - a +0 scale mail (worn)
 c - a +0 buckler
 h - a +0 helmet (worn)
 j - a +0 pair of boots (worn)
Scrolls
 e - 9 scrolls of identify {unknown}
 f - 2 scrolls of blinking {unknown}
 i - 2 scrolls of teleportation {unknown}
 k - 5 scrolls of magic mapping {unknown}
 l - 2 scrolls of fog {unknown}
 n - a scroll of poison {unknown}
 p - a scroll of noise {unknown}
 r - a scroll of butterflies {unknown}
Potions
 d - a potion of might
 m - 2 potions of attraction {unknown}
 o - 2 potions of mutation {unknown}
 q - a potion of degeneration {unknown}


   Skills:
 - Level 4.0 Fighting
 * Level 3.6 Maces & Flails
 + Level 4.0 Armour
 + Level 0.6 Dodging
 - Level 3.7 Shields


You had 4 spell levels left.
You didn't know any spells.
Your spell library contained the following spells:

 Spells                   Type           Power      Damage    Failure   Level
 Freeze                   Ice            0%         1d3       75%         1
 Frozen Ramparts          Ice            0%         1d1       98%         3
 Hailstorm                Conj/Ice       0%         3d3       98%         3
 Conjure Ball Lightning   Conj/Air       0%         3x3d6     100%        6
 Discord                  Hex            0%         N/A       100%        8
 Disjunction              Tloc           0%         N/A       100%        8


Dungeon Overview and Level Annotations

Branches:
Dungeon (4/15)
 Temple: D:4-7

Altars:

Shops:
D:3 [


Innate Abilities, Weirdness & Mutations

You are immune to sickness and miasma.
Your stone body is resilient. (AC +4)
You are immune to poison.
You resist negative energy. (rN+)
You are resistant to electric shocks. (rElec)
You are resistant to unholy torment.
You are immune to petrification.


Message History

The phantom hits you.
The phantom blinks!
You blink.
The phantom hits you but does no damage.
The phantom attacks as you move away! The phantom hits you.
You closely miss the phantom.
The phantom is severely damaged.
The phantom hits you.
The phantom hits you but does no damage.
You closely miss the phantom.
The phantom is heavily damaged.
The ball python closely misses you. The ball python grabs you.
The ball python constricts you. The phantom hits you.
The phantom hits you but does no damage.
The ball python bites you but does no damage.
The ball python constricts you.
You sock the phantom!
The phantom is almost destroyed.
The ball python bites you but does no damage.
The ball python constricts you.
The phantom hits you but does no damage.
The ball python bites you but does no damage.
The ball python constricts you.
You barely miss the phantom.
The phantom is almost destroyed.
The phantom hits you.
* * * LOW HITPOINT WARNING * * *
The ball python bites you but does no damage.
The ball python constricts you.
* * * LOW HITPOINT WARNING * * *
The phantom hits you.
* * * LOW HITPOINT WARNING * * *
The ball python bites you but does no damage.
The ball python constricts you.
You barely miss the phantom.
The phantom is almost destroyed.
The phantom hits you.
* * * LOW HITPOINT WARNING * * *
The phantom blinks!
You blink.
The ball python loses its grip on you.
The phantom hits you but does no damage.
The phantom hits you.
You die...

############
##....@.....##
##.....SW.....##
..#.....<........#
#........§...>...#
$.#######...............#
........§................
...##..###>..............
##. ##.............. #.
##.............


You could see a phantom and a ball python.

Vanquished Creatures
  7 adders
  4 dart slugs
  2 worms (D:2)
  5 ball pythons
  2 bats
  2 endoplasms
  2 giant cockroaches
  2 goblins
  4 hobgoblins
  8 jackals (D:3)
  7 kobolds
  A quokka (D:1)
  A frilled lizard (D:2)
  5 rats
52 creatures vanquished.

Notes
Turn   | Place    | Note
-------+----------+-------------------------------------------
     0 | D:1      | dialectric the Gargoyle Fighter began the quest for the
                  | Orb.
     0 | D:1      | Reached XP level 1. HP: 14/14 MP: 1/1
   216 | D:1      | Reached XP level 2. HP: 6/19 MP: 2/2
  1077 | D:2      | Reached XP level 3. HP: 22/24 MP: 3/3
  1600 | D:2      | Reached XP level 4. HP: 29/29 MP: 4/4
  2152 | D:3      | Reached XP level 5. HP: 32/33 MP: 5/5
  2313 | D:3      | Found Ynumentupus's Armour Boutique.
  2720 | D:4      | Noticed a phantom
  2737 | D:4      | Slain by a phantom

Illustrated notes

Levels and vault maps discovered:
D:1:      giann_wishing_wells, layout_basic
D:2:      layout_loops_corners, minmay_close_crescents
D:3:      layout_loops_ring, serial_shops, nicolae_shop_hallway_plus,
          kennysheep_small_spiral, serial_park_tiny_2, nicolae_half_adder
D:4:      layout_rooms, serial_bayou, serial_bayou_pond_a,
          serial_bayou_lagoon_a, serial_bayou_lagoon_b, serial_bayou_pond_e,
          serial_park_tiny_pond

Skill      XL: |  1  2  3  4 |
---------------+-------------+-----
Fighting       | 4 |  4.0
Maces & Flails | 3 |  3.6
Armour         | 4 |  4.0
Dodging        | |  0.6
Shields        | |  3.7

Action                     |  1- 3 |  4- 6 || total
---------------------------+-------+-------++-------
  Melee: Flail             |    94 |    52 ||   146
 Armour: Scale mail        |    79 |    60 ||   139
  Dodge: Dodged            |    70 |    44 ||   114

Table legend: (Time is in decaauts)
 A = Elapsed time spent in this place.
 B = Non-inter-level travel time spent in this place.
 C = Inter-level travel time spent in this place.
 D = Time resting spent in this place.
 E = Time spent auto-exploring this place.
 F = Levels seen in this place.
 G = Mean time per level.
                   A        B        C        D        E       F      G
               +--------+--------+--------+--------+--------+-----+--------+
         Total |   2834 |   2689 |    145 |     53 |   2147 |   4 |  708.5 |
       Dungeon |   2834 |   2689 |    145 |     53 |   2147 |   4 |  708.5 |
               +--------+--------+--------+--------+--------+-----+--------+

Top non-repeatable levels by time:
     D:1: 982 daAuts
     D:2: 921 daAuts
     D:3: 903 daAuts
     D:4: 27 daAuts
